 Dungeon Crawl Stone Soup version 0.29.1-1-gd02db6906a (webtiles) character file.

Game seed: 6326404590315509729

173 vvl the Caller (level 5, -2/38 HPs)
             Began as a Merfolk Summoner on Oct 6, 2022.
             Slain by an iguana (12 damage)
             ... on level 4 of the Dungeon.
             The game lasted 00:08:07 (5342 turns).

vvl the Caller (Merfolk Summoner)                   Turns: 5342, Time: 00:08:07

Health: -2/38      AC:  5    Str:  9    XL:     5   Next: 53%
Magic:  6/8        EV: 12    Int: 16    God:
Gold:   176        SH:  0    Dex: 14    Spells: 8/9 levels left

rFire   . . .      SeeInvis .   m - +0 flail
rCold   . . .      Faith    .   (no shield)
rNeg    . . .      Spirit   .   i - +0 leather armour
rPois   .          Reflect  .   (no helmet)
rElec   .          Harm     .   f - +0 cloak
rCorr   .          Rampage  .   (no gloves)
Will    .....                   k - +0 pair of boots
Stlth   ++........              (no amulet)
HPRegen 0.12/turn               (no ring)
MPRegen 0.11/turn               (no ring)

@: no status effects
A: (nimble swimmer 2), mertail
a: no special abilities


You were on level 4 of the Dungeon.
You visited 1 branch of the dungeon, and saw 4 of its levels.

You collected 176 gold pieces.

Inventory:

Hand Weapons
 m - a +0 flail (weapon)
Armour
 f - a +0 cloak (worn)
 i - a +0 leather armour (worn)
 k - a +0 pair of boots (worn)
Magical Staves
 e - a staff of earth
Jewellery
 j - a ring of fire
 o - an amulet of the acrobat
Scrolls
 a - a scroll of fear {unknown}
 g - 3 scrolls of identify {unknown}
 h - a scroll of noise {unknown}
 l - a scroll of amnesia {unknown}
 p - a scroll of brand weapon {unknown}
Potions
 b - a potion of magic
 c - a potion of brilliance {unknown}
 d - a potion of attraction {unknown}
 n - a potion of curing {unknown}


   Skills:
 + Level 1.7 Fighting
 + Level 2.2 Polearms
 + Level 1.2 Armour
 + Level 3.6 Dodging
 - Level 2.1 Stealth
 + Level 2.6 Spellcasting
 + Level 4.4 Summonings
 + Level 1.8 Ice Magic


You had 8 spell levels left.
You knew the following spells:

 Your Spells              Type           Power      Damage    Failure   Level
a - Summon Small Mammal   Summ           64%        N/A       4%          1

Your spell library contained the following spells:

 Spells                   Type           Power      Damage    Failure   Level
 Call Imp                 Summ           16%        N/A       7%          2
 Call Canine Familiar     Summ           16%        N/A       13%         3
 Summon Guardian Golem    Hex/Summ       9%         N/A       32%         3
 Summon Lightning Spire   Summ/Air       9%         N/A       71%         4


Dungeon Overview and Level Annotations

Branches:
Dungeon (4/15)
 Temple: D:4-7

Altars:
Gozag

Shops:
D:3 ((=(

Annotations:
D:3 2 transporters, CertainDeath's ghost, amateur GrEE


Innate Abilities, Weirdness & Mutations

((You are very nimble when in or above water. (Stealth+, EV+, Speed+++)))
Your lower body shifts to a powerful aquatic tail in water.


Message History

The iguana is moderately wounded.
The quokka bites you but does no damage.
The iguana closely misses you. The quokka closely misses you.
You barely miss the iguana.
The iguana is moderately wounded.
The iguana misses you. The quokka barely misses you.
The iguana closely misses you.
You barely miss the iguana.
The iguana is lightly wounded.
The quokka bites you but does no damage.
The iguana closely misses you.
The quokka bites you but does no damage.
You hit the iguana but do no damage.
The iguana is lightly wounded.
The quokka barely misses you. The iguana bites you.
The quokka bites you but does no damage.
You barely miss the iguana.
The iguana is lightly wounded.
The iguana barely misses you. The quokka closely misses you.
The iguana bites you.
You hit the iguana.
The iguana is moderately wounded.
The quokka closely misses you. The iguana bites you. The quokka bites you.
You are too injured to fight recklessly!
You are too injured to fight recklessly!
You are too injured to fight recklessly!
You are too injured to fight recklessly!
You are too injured to fight recklessly!
Casting: Summon Small Mammal (safe; 4% risk of failure)
Confirm with . or Enter, or press ? or * to list all spells.
The iguana bites you. The quokka closely misses you.
Casting: Summon Small Mammal (safe; 4% risk of failure)
Confirm with . or Enter, or press ? or * to list all spells.
Your bat completely misses the quokka.
The quokka bites you.
* * * LOW HITPOINT WARNING * * *
The iguana bites you but does no damage.
Your bat barely misses the quokka.
Your bat hits the quokka.
Your quokka bites the iguana.
The iguana attacks as you move away! The iguana bites you!
You die...

.....
######....
#........#
#........#
#........#
#........#
#...b....#
#..rl....#
#..@r....#
#........#
+........#
#........+
#........#
#........#
#.######'#####
#......#.#
########.#.###


You could see an iguana (ally target), a quokka (ally target), a friendly quokka
(summoned) and a friendly bat (summoned).

Vanquished Creatures
  2 adders
  4 gnolls
  3 worms
  An orc (D:3)
  3 bats
  An endoplasm (D:1)
  7 hobgoblins
  5 jackals
  4 kobolds (D:3)
  3 ball pythons
  5 frilled lizards
  2 goblins
  8 rats
48 creatures vanquished.

Vanquished Creatures (collateral kills)
  Jessica (D:2)
  2 adders
  An orc (D:3)
  A bat (D:1)
  2 endoplasms (D:2)
  A giant cockroach (D:1)
  3 goblins
  A hobgoblin (D:2)
  2 jackals (D:1)
  A quokka (D:2)
  A ball python (D:2)
  A kobold (D:1)
  A rat (D:3)
18 creatures vanquished.

Grand Total: 66 creatures vanquished

Notes
Turn   | Place    | Note
-------+----------+-------------------------------------------
     0 | D:1      | vvl the Merfolk Summoner began the quest for the Orb.
     0 | D:1      | Reached XP level 1. HP: 13/13 MP: 3/3
   445 | D:1      | Reached XP level 2. HP: 13/20 MP: 1/5
   717 | D:1      | Found a faded altar of an unknown god.
   797 | D:1      | HP: 1/20 [jackal (1)]
  1745 | D:2      | Reached XP level 3. HP: 25/25 MP: 3/6
  1772 | D:2      | Reached skill level 1 in Polearms
  2311 | D:2      | Reached skill level 1 in Ice Magic
  2507 | D:2      | Reached skill level 1 in Fighting
  3106 | D:2      | Noticed Jessica
  3116 | D:2      | Killed Jessica
  3117 | D:2      | Reached XP level 4. HP: 29/32 MP: 3/7
  3327 | D:2      | Found an opulent altar of Gozag.
  3541 | D:3      | Found Yrey's Weapon Shop.
  3559 | D:3      | Found an opulent altar of Gozag.
  3571 | D:3      | Reached skill level 1 in Armour
  3815 | D:3      | Found Ususycuh's Antique Weapon Boutique.
  3993 | D:4      | Reached XP level 5. HP: 10/37 MP: 8/8
  4670 | D:3      | Found Bong's Jewellery Shoppe.
  4745 | D:3      | Found a transporter.
  4746 | D:3      | Noticed an ogre
  4746 | D:3      | Noticed CertainDeath's ghost (amateur GrEE)
  4759 | D:3      | Found a transporter.
  4811 | D:3      | Found Teakh's Weapon Shop.
  5342 | D:4      | Slain by an iguana

Illustrated notes

Levels and vault maps discovered:
D:1:      ncdulo_halloftheorcs, layout_loops_ring,
          shapermc_ecumenical_altar_ellora
D:2:      layout_basic, basic_altar, uniq_jessica
D:3:      layout_basic, grunt_gozag_statues, gammafunk_ghost_smash,
          serial_shops, shop, shop, shop_fountains,
          nicolae_shop_bloodbath_and_beyond, minmay_fractal_squares_5
D:4:      layout_basic, mainiacjoe_overflow_alcove_1, temple_green,
          gammafunk_ghost_cemetery, uniq_natasha, uniq_grinder, uniq_pikel

Skill      XL: |  1  2  3  4 |
---------------+-------------+-----
Dodging        | 3 |  3.6
Polearms       | 1 2 |  2.2
Ice Magic      | 1 |  1.8
Fighting       | 1 |  1.7
Armour         | 1 |  1.2
Stealth        | |  2.1
Spellcasting   | |  2.6
Summonings     | |  4.4

Action                   |  1- 3 |  4- 6 || total
-------------------------+-------+-------++-------
Melee: Unarmed           |    33 |       ||    33
       Dagger            |   132 |       ||   132
       Punch             |     3 |     1 ||     4
       Flail             |     3 |    98 ||   101
 Cast: Summon Small Mamm |    63 |    23 ||    86
 Stab: Sleeping          |     1 |     3 ||     4
       Distracted        |     1 |       ||     1
Armor: Robe              |    36 |       ||    36
       Leather armour    |    33 |    46 ||    79
Dodge: Dodged            |   145 |    91 ||   236
